 Dungeon Crawl Stone Soup version 0.26-a0-752-gcff87cac9a (webtiles) character file.

Game seed: 11657717901072204279

81 polio18 the Cudgeler (level 4, 0/29 HPs)
             Began as a Gargoyle Monk on Nov 6, 2020.
             Slain by JolietJake's ghost (4 damage)
             ... on level 3 of the Dungeon.
             The game lasted 00:05:13 (2223 turns).

polio18 the Cudgeler (Gargoyle Monk)                Turns: 2223, Time: 00:05:13

Health: 0/29       AC:  8    Str: 15    XL:     4   Next: 42%
Magic:  4/4        EV: 11    Int: 11    God:
Gold:   96         SH:  0    Dex: 12    Spells: 0/3 levels left

rFire    . . .     SeeInvis .   a - +0 mace
rCold    . . .     Faith    .   (no shield)
rNeg     + . .     Spirit   .   n - +0 ring mail
rPois    ∞         Reflect  .   (no helmet)
rElec    +         Harm     .   (no cloak)
rCorr    .         Rampage  .   (no gloves)
MR       .....                  (no boots)
Stlth    +.........             (no amulet)
HPRegen  0.09/turn              (no ring)
MPRegen  0.09/turn              (no ring)

@: no status effects
A: negative energy resistance 1, electricity resistance, unbreathing,
petrification resistance, rot immunity, AC +3
a: no special abilities


You were on level 3 of the Dungeon.
You visited 1 branch of the dungeon, and saw 3 of its levels.

You collected 96 gold pieces.

Inventory:

Hand Weapons
 a - a +0 mace (weapon)
Armour
 n - a +0 ring mail (worn)
Wands
 b - a wand of iceblast (9)
Scrolls
 c - 3 scrolls of remove curse {unknown}
 d - 2 scrolls of fog {unknown}
 e - 2 scrolls of identify {unknown}
 f - 2 scrolls of amnesia {unknown}
 g - 2 scrolls of fear {unknown}
 i - 3 scrolls of magic mapping {unknown}
 j - a scroll of noise {unknown}
Potions
 h - 4 potions of curing {unknown}
 k - a potion of heal wounds {unknown}
 l - a potion of berserk rage {unknown}
 m - a potion of might {unknown}
 o - a potion of attraction {unknown}
 p - a potion of haste {unknown}
 q - a potion of flight {unknown}
 r - a potion of brilliance {unknown}


   Skills:
 + Level 3.7 Fighting
 + Level 4.0 Maces & Flails
 * Level 0.4 Armour
 + Level 3.0 Dodging
 + Level 2.5 Stealth


You couldn't memorise any spells.
You knew the following spells:

 Your Spells              Type           Power        Failure   Level
a - Dazzling Flash        Conj/Hex       #.....       91%         3

Your spell library contained the following spells:

 Spells                   Type           Power        Failure   Level
 Corona                   Hex            #......      56%         1
 Magic Dart               Conj           #...         56%         1
 Ensorcelled Hibernation  Hex/Ice        #.....       71%         2
 Searing Ray              Conj           #.....       71%         2
 Confusing Touch          Hex            #.......     91%         3
 Tukima's Dance           Hex            #.......     91%         3
 Fulminant Prism          Conj/Hex       #.........   100%        4
 Iskenderun's Mystic Bla  Conj/Tloc      #.......     100%        4


Dungeon Overview and Level Annotations

Branches:
Dungeon (3/15)

Altars:
Fedhas

Annotations:
D:3 JolietJake's ghost, amateur GrFi


Innate Abilities, Weirdness & Mutations

You are resistant to torment.
Your stone body is resilient. (AC +3)
You are immune to poison.
You resist negative energy. (rN+)
You are resistant to electric shocks. (rElec)
You can survive without breathing.
You are immune to petrification.
You are immune to rotting.


Message History

JolietJake's ghost misses you.
You closely miss JolietJake's ghost.
JolietJake's ghost is moderately damaged.
JolietJake's ghost hits you.
* * * LOW HITPOINT WARNING * * *
You hit JolietJake's ghost but do no damage.
JolietJake's ghost is moderately damaged.
JolietJake's ghost hits you.
* * * LOW HITPOINT WARNING * * *
Your ring mail prevents you from hitting JolietJake's ghost.
JolietJake's ghost is moderately damaged.
JolietJake's ghost hits you but does no damage.
You barely miss JolietJake's ghost.
JolietJake's ghost is moderately damaged.
JolietJake's ghost hits you but does no damage.
JolietJake's ghost misses you.
You barely miss JolietJake's ghost.
JolietJake's ghost is moderately damaged.
JolietJake's ghost hits you.
You die...

#.......##..
#.......##.. ##
###.....##.<
###≈##.##.#.###..#
##.#≈..###....##...
#..#≈....#..#.....#
#####..'.#..##.........
#...#..W≈.≈[.#......>..
#.).#.@#≈⌠..##.........
#...#..#..#.##.........
#......##≈≈###.........
####...#######.........
#.####..#...........
#...###.............
###..###.....(.#..<.
#######.###...###......
#...)....(..#.###......


You could see JolietJake's ghost.

Vanquished Creatures
  3 adders
  2 worms (D:2)
  A dart slug (D:1)
  A leopard gecko (D:2)
  5 giant cockroaches
  9 goblins
  4 hobgoblins
  2 quokkas
  A ball python (D:2)
  3 bats
  3 frilled lizards
  4 kobolds
  7 rats
45 creatures vanquished.

Notes
Turn   | Place    | Note
-------+----------+-------------------------------------------
     0 | D:1      | polio18 the Gargoyle Monk began the quest for the Orb.
     0 | D:1      | Reached XP level 1. HP: 14/14 MP: 1/1
   238 | D:1      | Reached XP level 2. HP: 19/19 MP: 2/2
   892 | D:1      | Reached XP level 3. HP: 23/23 MP: 3/3
  1332 | D:2      | Reached XP level 4. HP: 22/29 MP: 4/4
  1760 | D:3      | Learned a level 3 spell: Dazzling Flash
  1764 | D:3      | Found a blossoming altar of Fedhas.
  1912 | D:3      | Found a large runed translucent door.
  1912 | D:3      | Found a large runed translucent door.
  1912 | D:3      | Noticed JolietJake's ghost (amateur GrFi)
  1925 | D:3      | Reached skill level 4 in Maces & Flails
  2223 | D:3      | Slain by JolietJake's ghost

Illustrated notes

Levels and vault maps discovered:
D:1:      minmay_arrival_radiant_lines, layout_loops_ring
D:2:      layout_rooms, kennysheep_generic_room_8
D:3:      layout_rooms, nicolae_overflow_hidden_temple,
          ebering_ghost_disaster_area, fedhas_altar_4

Skill      XL: |  1  2  3  4 |
---------------+-------------+-----
Dodging        | 3 |  3.0
Maces & Flails | 4 |  4.0
Fighting       | |  3.7
Armour         | |  0.4
Stealth        | |  2.5

Action                   |  1- 3 |  4- 6 || total
-------------------------+-------+-------++-------
Melee: Mace              |   132 |    65 ||   197
 Stab: Sleeping          |     1 |       ||     1
Armor: Robe              |    42 |       ||    42
       Ring mail         |       |    24 ||    24
Dodge: Dodged            |   113 |    43 ||   156

Table legend: (Time is in decaauts)
 A = Elapsed time spent in this place.
 B = Non-inter-level travel time spent in this place.
 C = Inter-level travel time spent in this place.
 D = Time resting spent in this place.
 E = Time spent auto-exploring this place.
 F = Levels seen in this place.
 G = Mean time per level.
                   A        B        C        D        E       F      G
               +--------+--------+--------+--------+--------+-----+--------+
         Total |   2267 |   2216 |     51 |    356 |   1231 |   3 |  755.7 |
       Dungeon |   2267 |   2216 |     51 |    356 |   1231 |   3 |  755.7 |
               +--------+--------+--------+--------+--------+-----+--------+

Top non-repeatable levels by time:
     D:1: 942 daAuts
     D:2: 777 daAuts
     D:3: 547 daAuts
